 Dungeon Crawl Stone Soup version 0.14.0-26-g1682e81 (webtiles) character file.

577 Heini the Covered (level 6, 0/56 HPs)
             Began as a Hill Orc Fighter on Apr 26, 2014.
             Slain by a slave (6 damage)
             ... led by Pikel
             ... on Level 5 of the Dungeon.
             The game lasted 00:08:45 (3188 turns).

Heini the Covered (Hill Orc Fighter)                Turns: 3188, Time: 00:08:47

HP   0/56        AC 12     Str 21      XL: 6   Next: 58%
MP   6/6         EV  6     Int  8      God:
Gold 233         SH  0     Dex 10      Spells:  0 memorised,  5 levels left

rFire  . . .     SeeInvis .     z - +0 battleaxe
rCold  . . .     Clarity  .     B - +0 plate armour
rNeg   . . .     Conserve .     (no shield)
rPois  .         rCorr    .     (no helmet)
rElec  .         rRot     .     (no cloak)
SustAb . .       Spirit   .     (no gloves)
rMut   .         Warding  .     (no boots)
Saprov + . .     Stasis   .     (no amulet)
MR     .....                    (no ring)
                                (no ring)

@: not resistant to hostile enchantments, extremely unstealthy
A: saprovore 1
a: no special abilities


You were on level 5 of the Dungeon.
You were not hungry.

You visited 1 branch of the dungeon, and saw 5 of its levels.

You collected 233 gold pieces.

Inventory:

Hand weapons
 a - a +0,+0 war axe
 z - a +0,+0 battleaxe (weapon)
Armour
 b - a +0 scale mail
 c - a +0 shield
 p - a +0 ring mail
 B - a +0 plate armour (worn)
Magical devices
 r - a wand of flame (15)
Comestibles
 d - 4 meat rations
 f - 2 chokos
 j - a lemon
 s - a chunk of adder flesh
 t - 3 bread rations
 u - an apple
Scrolls
 h - 2 scrolls of fear
 k - 2 scrolls of remove curse
 n - 2 scrolls of identify
 w - a scroll of blinking
 x - a scroll of magic mapping
 y - a scroll of amnesia
Jewellery
 i - an uncursed amulet of conservation {unknown}
Potions
 e - 2 potions of might
 g - a potion of heal wounds
 l - a potion of invisibility {unknown}
 m - 2 potions of restore abilities
 o - a potion of berserk rage {unknown}
 q - a potion of curing {unknown}
 v - a potion of confusion {unknown}
 A - a potion of mutation {unknown}


   Skills:
 * Level 5.2 Fighting
 * Level 5.4 Axes
 * Level 5.5 Armour
   Level 3.5 Shields


You had 5 spell levels left.
You didn't know any spells.

Dungeon Overview and Level Annotations

Branches:
Dungeon (5/15)
 Temple: D:4-7

Altars:

Annotations:
D:5 Pikel


Innate Abilities, Weirdness & Mutations

You can tolerate rotten meat.


Message History

The slave is moderately wounded.
You slash Pikel!
Pikel is heavily wounded.
Pikel zaps a wand.
The magic dart hits you! The slave hits you. The slave barely misses you.
The slave hits you but does no damage. Pikel hits you but does no damage.
You hit the slave.
The slave is moderately wounded.
You barely miss the slave.
The slave is heavily wounded.
Your plate armour prevents you from hitting the slave.
The slave is moderately wounded.
Your plate armour prevents you from hitting Pikel.
Pikel is heavily wounded.
The slave hits you but does no damage. The slave hits you. The slave hits you.
* * * LOW HITPOINT WARNING * * *
Pikel zaps a wand.
The magic dart hits you!
* * * LOW HITPOINT WARNING * * *
The slave hits you.
You die...

..... #### #........
##... ##.......##. #.....
#............ #.....###
#%...........#
#.....?.###............#
.............!..........
.#.#.#....%......K.......
......<....=....@@l......
.....#..........@@.......
.>...%......[........?..
.....#.)................
........................
.....##....#....[###...
........####....... ..
.#.#.#### #...#... ###
#...#..


You could see Pikel, 3 slaves and a giant gecko.

Vanquished Creatures
  A slave (D:5)
  Blork the orc (D:4)
  A hound (D:4)
  An iguana (D:5)
  2 orc wizards
  7 adders
  A giant mite (D:1)
  2 worms
  A giant eyeball (D:5)
  3 giant geckos
  An ooze (D:3)
  7 orcs
  2 ball pythons (D:1)
  6 bats
  3 giant cockroaches (D:1)
  7 goblins
  9 hobgoblins
  6 giant newts
  6 jackals (D:2)
  6 kobolds
  An orc skeleton (D:4)
  9 rats
83 creatures vanquished.

Notes
Turn   | Place    | Note
--------------------------------------------------------------
     0 | D:1      | Heini, the Hill Orc Fighter, began the quest for the Orb.
     0 | D:1      | Reached XP level 1. HP: 19/19 MP: 1/1
   114 | D:1      | Reached XP level 2. HP: 27/27 MP: 2/2
   263 | D:1      | Reached skill level 4 in Fighting
   364 | D:1      | Reached XP level 3. HP: 33/33 MP: 3/3
  1005 | D:2      | Reached XP level 4. HP: 39/41 MP: 4/4
  1805 | D:3      | Reached XP level 5. HP: 36/47 MP: 5/5
  2451 | D:4      | Reached skill level 5 in Armour
  2629 | D:4      | Reached skill level 5 in Fighting
  2769 | D:4      | Noticed Blork the orc
  2779 | D:4      | Reached XP level 6. HP: 28/56 MP: 6/6
  2782 | D:4      | Killed Blork the orc
  2782 | D:4      | Reached skill level 5 in Axes
  3007 | D:5      | Entered Level 5 of the Dungeon
  3161 | D:5      | Paralysed by a giant eyeball for 4 turns
  3167 | D:5      | Paralysed by a giant eyeball for 2 turns
  3176 | D:5      | Noticed Pikel
  3188 | D:5      | Slain by a slave

Action                   |  1- 3 |  4- 6 || total
-------------------------+-------+-------++-------
Melee: War axe           |   110 |   183 ||   293
       Battleaxe         |       |    48 ||    48
Evoke: Wand              |       |     1 ||     1
  Use: Scroll            |     5 |     4 ||     9
       Potion            |       |     1 ||     1
